 Dungeon Crawl Stone Soup version 0.29.0-3-gbb0933ed62 (webtiles) character file.

Game seed: 17185787381704819550

7539 LynnLen the Covert (level 10, -3/51 HPs)
             Began as a Spriggan Enchanter on Aug 26, 2022.
             Was a Believer of Makhleb.
             Slain by Gastronok (35 damage)
             ... on level 11 of the Dungeon.
             The game lasted 00:45:28 (14562 turns).

LynnLen the Covert (Spriggan Enchanter)            Turns: 14562, Time: 00:45:29

Health: -3/51      AC:  6    Str: 10    XL:     10   Next: 96%
Magic:  22/22      EV: 16    Int: 24    God:    Makhleb [**....]
Gold:   311        SH:  7    Dex: 16    Spells: 13/24 levels left

rFire   + . .      SeeInvis +   M - +9 short sword "Futryutot" {vamp, SInv}
rCold   . . .      Faith    .   o - +2 buckler of the Powerful God {Int+3}
rNeg    . . .      Spirit   .   a - +1 steam dragon scales
rPois   .          Reflect  .   (helmet restricted)
rElec   .          Harm     .   v - scarf {repulsion}
rCorr   .          Rampage  .   (gloves unavailable)
Will    +....                   (boots unavailable)
Stlth   ++++......              (no amulet)
HPRegen 0.17/turn               h - ring of wizardry
MPRegen 0.18/turn               z - ring of Curiosity {rF+ Str+6}

@: silenced, slowed, repel missiles, quick
A: very small, no large weapons, unfitting armour, see invisible, speed 3
a: Renounce Religion


You were on level 11 of the Dungeon.
You worshipped Makhleb.
Makhleb was pleased with you.
You visited 2 branches of the dungeon, and saw 12 of its levels.
You also visited: Sewer.

You collected 649 gold pieces.
You spent 338 gold pieces at shops.

Inventory:

Hand Weapons
 u - a +2 short sword of venom
 D - a +1 scimitar of flaming
 I - a +2 dagger of protection
 M - the +9 short sword "Futryutot" (weapon) {vamp, SInv}
   (You found it on level 10 of the Dungeon)

   It occasionally heals its wielder for a portion of the damage dealt when it
   wounds a living foe.
   SInv:      It lets you see invisible.
Missiles
 j - 39 stones
 w - 5 throwing nets
 H - 2 poisoned darts
 J - a curare-tipped dart
Armour
 a - +1 steam dragon scales (worn)
 o - the +2 buckler of the Powerful God (worn) {Int+3}
   (You acquired it on level 9 of the Dungeon)

   Int:       It affects your intelligence (+3).
 v - a scarf of repulsion (worn)
Jewellery
 h - a ring of wizardry (left hand)
 x - a ring of protection from fire
 z - the ring of Curiosity (right hand) {rF+ Str+6}
   (You found it on level 5 of the Dungeon)

   [ring of strength]

   Str:       It affects your strength (+6).
   rF:        It protects you from fire.
Wands
 g - a wand of roots (4)
 B - a wand of acid (10)
 L - a wand of charming (5)
Scrolls
 d - 2 scrolls of butterflies
 i - 3 scrolls of amnesia
 k - 2 scrolls of summoning
 l - a scroll of enchant weapon
 n - 2 scrolls of teleportation
 p - 2 scrolls of magic mapping
 y - a scroll of immolation
 C - a scroll of poison {unknown}
 E - a scroll of blinking {unknown}
 K - a scroll of torment {unknown}
 N - a scroll of fear {unknown}
Potions
 b - 2 potions of might
 c - 2 potions of invisibility
 e - a potion of attraction
 f - 6 potions of curing
 m - a potion of cancellation
 q - 2 potions of haste
 r - 2 potions of heal wounds {unknown}
 s - a potion of mutation {unknown}
 t - a potion of ambrosia {unknown}
 F - a potion of magic {unknown}
 G - 2 potions of brilliance


   Skills:
 + Level 4.9 Fighting
 + Level 5.4 Short Blades
 - Level 2.6 Dodging
 + Level 10.4 Stealth
 - Level 1.0 Unarmed Combat
 + Level 7.7 Spellcasting
 + Level 4.1 Conjurations
 + Level 8.2 Hexes
 - Level 4.0 Ice Magic
 * Level 7.3 Invocations


You had 13 spell levels left.
You knew the following spells:

 Your Spells              Type           Power      Damage    Failure   Level
a - Ensorcelled Hibernat  Hex/Ice        76%        N/A       1%          2
b - Confusing Touch       Hex            48%        N/A       1%          3
c - Tukima's Dance        Hex            48%        N/A       1%          3
d - Dazzling Flash        Conj/Hex       76%        N/A       1%          3

Your spell library contained the following spells:

 Spells                   Type           Power      Damage    Failure   Level
 Foxfire                  Conj/Fire      76%        2x1d7     2%          1
 Inner Flame              Hex/Fire       28%        N/A       3%          3
 Ozocubu's Armour         Ice            28%        N/A       3%          3
 Necrotise                Necr           36%        1d5       6%          1
 Sandblast                Erth           18%        2d7       6%          1
 Conjure Flame            Conj/Fire      19%        6-21      8%          3
 Stone Arrow              Conj/Erth      38%        3d9       8%          3
 Passwall                 Tmut/Erth      7%         N/A       9%          2
 Anguish                  Hex/Necr       14%        N/A       11%         4
 Metabolic Englaciation   Hex/Ice        19%        N/A       13%         5
 Spider Form              Tmut/Pois      9%         N/A       17%         3
 Vampiric Draining        Necr           9%         2d6       17%         3
 Flame Wave               Conj/Fire      19%        2d7       24%         4
 Olgreb's Toxic Radiance  Pois           9%         N/A       47%         4
 Petrify                  Tmut/Erth      9%         N/A       47%         4
 Agony                    Necr           9%         N/A       82%         5
 Statue Form              Tmut/Erth      6%         N/A       100%        6
 Ozocubu's Refrigeration  Ice            14%        4d10      100%        7
 Ignition                 Fire           4%         3d4       100%        8


Dungeon Overview and Level Annotations

Branches:
Dungeon (11/15)            Temple (1/1) D:4            Lair (0/5) D:8
    Orc (0/2) D:11          Sewer (visited)

Altars:
Ashenzari
Cheibriados
Dithmenos
Elyvilon
Fedhas
Gozag
Hepliaklqana
Kikubaaqudgha
Makhleb
Nemelex Xobeh
Okawaru
Qazlal
Ru
Sif Muna
Trog
Uskayaw
Vehumet
Wu Jian
Xom
Yredelemnul
Zin
The Shining One

Shops:
D:8 !

Annotations:
D:8 4 runed translucent doors
D:9 exclusion: obsidian statue
D:11 Gastronok
Temple 2 transporters


Innate Abilities, Weirdness & Mutations

You are very small and have problems with some larger weapons.
You are too small for most types of armour.
You have supernaturally acute eyesight. (SInv)
You cover ground extremely quickly. (Speed+++)


Message History

You start resting.
A quokka is nearby!
Items here: ( ))))) [[ ††.
Items here: ))) †.
You see here a +0 chain mail.
You start resting.
HP restored.
You start resting.
Magic restored.
You see here a +0 chain mail.
Items here: ))) †.
Items here: ( ))))) [[ ††.
Gastronok gurgles horribly!
Things that are here:
a +0 giant club; a +0 giant club
Press: ? - help, v - describe, . - travel
Here: Gastronok, wearing a +2 hat The floor.
Okay, then.
You can't see any enemies this would affect, really read the scroll of silence?
Okay, then.
Things that are here:
a +0 giant club; a +0 giant club Gastronok looks at you and mumbles some strange words.
You feel yourself slow down.
Things that are here:
a +0 giant club; a +0 giant club
As you read the scroll of silence, it crumbles to dust.
A profound silence engulfs you.
You puncture Gastronok!
Gastronok is lightly wounded.
Gastronok bites you but does no damage.
You completely miss Gastronok.
Gastronok is lightly wounded.
Gastronok bites you!!
You hit Gastronok.
You feel better.
Gastronok is lightly wounded.
Gastronok bites you!!
Ouch! That really hurt!
You die...

. #####... #.# ......## #.#
...... #.. ##....# ## #.#
###.....#... ####.
..##......... #....
.....##...###############....
..........rw@.)..............
/####.....###########....8...
##....# #........ #....#
##.##.... #....# #..#....
#.w### ##.####. ##.. #......
##. #######


You could see Gastronok and a rat (summoned).

Vanquished Creatures
  Pikel (D:4)
  2 unseen horrors
  Maggie (D:8)
  A troll (D:10)
  A hornet (D:9)
  A steam dragon (D:7)
  An acid dragon (D:4)
  Duvessa (D:6)
  4 ice beasts
  3 orc warriors
  Pargi (Sewer)
  A black bear (D:5)
  3 centaurs
  2 ogres
  A phantom (D:4)
  A kobold brigand (D:9)
  4 bullfrogs
  2 gnoll sergeants
  3 necrophages
  A scorpion (D:5)
  3 wights (D:7)
  Dowan (D:6)
  9 killer bees
  A gnoll bouda (D:9)
  A hound (D:5)
  5 orc priests
  4 iguanas (D:5)
  8 orc wizards
  13 gnolls
  9 adders
  A shadow imp (D:7)
  3 worms
  A dart slug (D:1)
  30 orcs
  10 ball pythons
  6 bats
  8 endoplasms
  2 giant cockroaches
  3 goblins
  5 hobgoblins
  3 jackals (D:2)
  5 quokkas
  3 frilled lizards
  11 kobolds
  3 rats
183 creatures vanquished.

Vanquished Creatures (collateral kills)
  3 two-headed ogres
  An orc warrior (D:9)
  An ogre (D:6)
  A scorpion (D:7)
  2 wights (D:7)
  3 gnolls (D:4)
11 creatures vanquished.

Vanquished Creatures (others)
  10 dancing weapons
  An orc wizard (D:9)
11 creatures vanquished.

Grand Total: 205 creatures vanquished

Notes
Turn   | Place    | Note
-------+----------+-------------------------------------------
     0 | D:1      | LynnLen the Spriggan Enchanter began the quest for the Orb.
     0 | D:1      | Reached XP level 1. HP: 9/9 MP: 5/5
   519 | D:1      | Reached XP level 2. HP: 14/14 MP: 6/6
   832 | D:1      | Learned a level 2 spell: Ensorcelled Hibernation
  1376 | D:1      | Reached XP level 3. HP: 14/17 MP: 8/8
  1380 | D:1      | Learned a level 3 spell: Confusing Touch
  1676 | D:2      | Reached skill level 5 in Stealth
  1716 | D:2      | Reached skill level 1 in Fighting
  2638 | D:3      | Learned a level 3 spell: Tukima's Dance
  2727 | D:3      | Reached XP level 4. HP: 17/22 MP: 7/10
  2891 | D:3      | Found a glowing drain.
  2895 | Sewer    | Entered a sewer
  2919 | Sewer    | Noticed Pargi
  2940 | Sewer    | Killed Pargi
  2941 | Sewer    | Reached skill level 1 in Ice Magic
  2941 | Sewer    | Reached XP level 5. HP: 20/26 MP: 4/11
  3042 | Sewer    | Identified the +0 robe of the Invisible Hand {rCorr Dex+3
                  | Slay+5}
  3545 | D:4      | Learned a level 3 spell: Dazzling Flash
  3933 | D:4      | Reached skill level 6 in Stealth
  4008 | D:4      | Noticed a phantom
  4527 | D:4      | Found an iron altar of Okawaru.
  4711 | D:4      | Reached skill level 5 in Hexes
  4711 | D:4      | Reached XP level 6. HP: 27/30 MP: 10/13
  4857 | D:4      | Found a staircase to the Ecumenical Temple.
  5269 | Temple   | Entered the Ecumenical Temple
  5269 | Temple   | Found a transporter.
  5269 | Temple   | Found a transporter.
  5271 | Temple   | Found a transporter.
  5271 | Temple   | Found a transporter.
  5303 | Temple   | Became a worshipper of Makhleb the Destroyer
  5344 | D:5      | Entered Level 5 of the Dungeon
  5344 | D:5      | Noticed an ice beast
  5348 | D:5      | Reached skill level 1 in Conjurations
  5348 | D:5      | Killed an ice beast
  5349 | D:5      | Reached XP level 7. HP: 35/35 MP: 14/14
  5507 | D:5      | Noticed Pikel
  6031 | D:5      | Reached skill level 7 in Stealth
  6031 | D:5      | Reached skill level 1 in Invocations
  6051 | D:5      | Identified the ring of Curiosity {rF+ Str+6}
  6357 | D:4      | Reached skill level 1 in Unarmed Combat
  6810 | D:4      | Killed Pikel
  6811 | D:4      | Reached skill level 5 in Spellcasting
  6811 | D:4      | Reached XP level 8. HP: 31/39 MP: 7/16
  7876 | D:6      | Found a shadowy altar of Dithmenos.
  7910 | D:6      | Reached skill level 8 in Stealth
  7982 | D:6      | Noticed Dowan
  7983 | D:6      | Noticed Duvessa
  7988 | D:6      | Killed Dowan
  8017 | D:6      | Killed Duvessa
  8498 | D:6      | Reached XP level 9. HP: 34/44 MP: 9/18
  8726 | D:7      | Reached * piety under Makhleb
  9607 | D:7      | Found an opulent altar of Gozag.
  9614 | D:7      | Found a radiant altar of Vehumet.
 10066 | D:8      | Noticed a two-headed ogre
 10123 | D:8      | Found Ziajejene's Distillery.
 10147 | D:8      | Bought a potion of curing for 39 gold pieces
 10147 | D:8      | Bought a potion of curing for 39 gold pieces
 10147 | D:8      | Bought a potion of curing for 39 gold pieces
 10147 | D:8      | Bought a potion of haste for 130 gold pieces
 10147 | D:8      | Bought a potion of brilliance for 52 gold pieces
 10147 | D:8      | Bought a potion of curing for 39 gold pieces
 10159 | D:8      | Noticed a death yak
 10159 | D:8      | Noticed a death yak
 10178 | D:8      | Found a huge runed translucent gate.
 10222 | D:7      | Reached skill level 9 in Stealth
 10222 | D:7      | Reached skill level 5 in Invocations
 10489 | D:8      | Noticed a death yak
 10489 | D:8      | Noticed a death yak
 10489 | D:8      | Noticed a death yak
 10490 | D:8      | Found a staircase to the Lair.
 10490 | D:8      | Noticed a deep elf pyromancer
 10875 | D:8      | Found a huge runed translucent gate.
 10876 | D:8      | Found a huge runed translucent gate.
 10876 | D:8      | Noticed a polar bear
 10877 | D:8      | Found a huge runed translucent gate.
 10877 | D:8      | Noticed a polar bear
 10878 | D:8      | Noticed a polar bear
 10878 | D:8      | Noticed a polar bear
 10968 | D:8      | Killed a two-headed ogre
 10969 | D:8      | Reached XP level 10. HP: 16/49 MP: 3/21
 11489 | D:8      | Found a hide-covered altar of Uskayaw.
 11525 | D:8      | Noticed Maggie
 11535 | D:8      | Killed Maggie
 12416 | D:9      | Reached ** piety under Makhleb
 12553 | D:9      | Noticed an obsidian statue
 12886 | D:9      | Noticed a two-headed ogre
 12919 | D:9      | Killed a two-headed ogre
 13025 | D:9      | Reached skill level 10 in Stealth
 13058 | D:9      | Identified the +9 mace of Overwhelming Force {vamp, rN+}
 13247 | D:9      | Identified a scroll of acquirement
 13249 | D:9      | Acquired the +2 buckler of the Powerful God {Int+3}
 13298 | D:10     | Entered Level 10 of the Dungeon
 13603 | D:10     | Reached skill level 5 in Short Blades
 13605 | D:10     | Identified the +9 short sword "Futryutot" {vamp, SInv}
 13924 | D:10     | Found a glowing silver altar of Zin.
 14066 | D:10     | Found a bloodstained altar of Trog.
 14276 | D:11     | Found a staircase to the Orcish Mines.
 14403 | D:11     | Noticed a two-headed ogre
 14407 | D:11     | Noticed Gastronok
 14431 | D:11     | Killed a two-headed ogre
 14562 | D:11     | Slain by Gastronok

Illustrated notes

Levels and vault maps discovered:
D:1:      matt_arrival_refuge, layout_basic, nicolae_titane
D:2:      layout_loops_ring
D:3:      layout_rooms, gup_sewer_entry_bowl
D:4:      layout_loops_corners, okawaru_metal_pillars_1_2,
          minmay_temple_entry_enclosed_plants
D:5:      layout_cave_pools, grunt_decor_arrowhead, uniq_pikel
D:6:      layout_basic, nicolae_dithmenos_through_a_glass_darkly, uniq_duvessa
D:7:      layout_basic, minitemple
D:8:      lemuel_bear_cage, layout_cave_pools,
          mainiacjoe_overflow_small_starburst, dpeg_lair_monsters, serial_shops,
          nicolae_stop_n_shop_1, hangedman_abyss_or_decor_clamps,
          nzn_random_ring, uniq_maggie
D:9:      layout_basic, grunt_ministairs_13, minivault_15
D:10:     layout_roguey, kennysheep_mini_moat, lemuel_tele_altar
D:11:     layout_rooms, david_orc_2, trog_antimagical, uniq_grum, uniq_lodul,
          uniq_gastronok
Temple:   hellmonk_temple_divided_pantheon

Skill      XL: |  1  2  3  4  5  6  7  8  9 10 |
---------------+-------------------------------+-----
Spellcasting   | 3 4 5 6 7 |  7.7
Hexes          | 4 5 6 7 8 |  8.2
Stealth        | 5 6 7 8 9 10 | 10.4
Fighting       | 1 2 3 4 |  4.9
Ice Magic      | 1 2 3 4 |  4.0
Conjurations   | 1 2 3 4 |  4.1
Invocations    | 2 3 5 7 |  7.3
Unarmed Combat | 1 |  1.0
Short Blades   | 2 4 5 |  5.4
Dodging        | |  2.6

Action                   |  1- 3 |  4- 6 |  7- 9 | 10-12 || total
-------------------------+-------+-------+-------+-------++-------
Melee: Dagger            |   112 |   101 |   214 |   221 ||   648
       Punch             |       |     1 |       |       ||     1
       Short sword       |       |       |       |    38 ||    38
 Cast: Ensorcelled Hiber |     8 |    16 |    29 |    36 ||    89
       Confusing Touch   |       |     2 |     8 |     6 ||    16
       Tukima's Dance    |       |     7 |    22 |    13 ||    42
       Dazzling Flash    |       |       |     4 |       ||     4
  Use: Scroll            |     1 |     4 |     5 |     8 ||    18
       Potion            |       |     1 |     8 |     1 ||    10
 Stab: Sleeping          |    20 |    20 |    32 |    24 ||    96
       Confused          |       |     3 |     5 |     4 ||    12
       Distracted        |       |     1 |       |       ||     1
       Invisible         |       |       |     6 |       ||     6
Armor: Robe              |    20 |     7 |    29 |       ||    56
       Steam dragon scal |       |       |    20 |    55 ||    75
Dodge: Dodged            |   123 |    70 |   182 |   185 ||   560
       Repelled          |       |       |     1 |       ||     1
Block: Buckler           |       |       |    38 |    64 ||   102
